 Dungeon Crawl Stone Soup version 0.19.0-11-g3fc08b3 (webtiles) character file.

704 Rrauwl the Carver (level 7, -5/61 HPs)
             Began as a Minotaur Berserker on Nov 10, 2016.
             Was a Priest of Trog.
             Slain by an iguana (15 damage)
             ... on level 5 of the Dungeon.
             The game lasted 00:27:13 (3208 turns).

Rrauwl the Carver (Minotaur Berserker)              Turns: 3208, Time: 00:27:14

Health: -5/61      AC:  4    Str: 22    XL:     7   Next: 39%
Magic:  6/6        EV: 13    Int:  4    God:    Trog [***...]
Gold:   274        SH:  0    Dex: 11    Spells: 0 memorised, 6 levels left

rFire  . . .     SeeInvis .     a - +0 falchion
rCold  . . .     Gourm    .     b - +1 animal skin
rNeg   . . .     Faith    .     (no shield)
rPois  .         Spirit   .     (helmet restricted)
rElec  .         Reflect  .     (no cloak)
rCorr  .         Harm     .     o - +0 pair of gloves
MR     .....                    (no boots)
Stlth  +.........               (no amulet)
                                (no ring)
                                (no ring)

@: no status effects
A: retaliatory headbutt, horns 2
a: Berserk, Trog's Hand, Burn Spellbooks, Renounce Religion


You were on level 5 of the Dungeon.
You worshipped Trog.
Trog was most pleased with you.
You were hungry.

You visited 1 branch of the dungeon, and saw 5 of its levels.

You collected 274 gold pieces.

Inventory:

Hand Weapons
 a - a +0 falchion (weapon)
 e - a +0 hunting sling
 k - a +3 mace of draining
 v - a +0 shortbow
 w - a +0 rapier
Missiles
 d - 115 stones (quivered)
 g - 9 poisoned needles
 h - 40 sling bullets
 m - 47 arrows
 n - 39 bolts
 s - 2 tomahawks
Armour
 b - a +1 animal skin (worn)
 o - a +0 pair of gloves (worn)
Wands
 i - a wand of lightning (8/15)
 q - a wand of flame (31/48)
Scrolls
 f - a scroll of recharging
 j - a scroll of enchant armour
 p - a scroll of teleportation
 t - a scroll of identify
Potions
 r - a potion of curing
 x - 2 potions of degeneration
 z - a potion of might
Comestibles
 c - 2 bread rations
 l - a meat ration
 u - 4 chunks of flesh


   Skills:
 + Level 5.0 Fighting
 * Level 8.9 Long Blades
 + Level 2.8 Armour
 + Level 3.8 Dodging
 + Level 1.0 Stealth


You had 6 spell levels left.
You didn't know any spells.

Dungeon Overview and Level Annotations

Branches:
Dungeon (5/15)             Temple (0/1) D:5

Altars:
Cheibriados
Dithmenos
Vehumet
Yredelemnul


Innate Abilities, Weirdness & Mutations

You reflexively headbutt those who attack you in melee.
You have a pair of horns on your head.


Message History

You kill the dart slug!
Trog accepts your kill. The hound bites you.
* * * LOW HITPOINT WARNING * * *
The iguana barely misses you.
You hit the hound.
You kill the hound!
Trog accepts your kill.
Your Stealth skill increases to level 1!
The iguana misses you.
You riposte.
You hit the iguana but do no damage. The iguana barely misses you.
You see here a hound corpse.
You butcher the hound corpse.
The iguana bites you.
* * * LOW HITPOINT WARNING * * *
You see here 3 chunks of flesh.
The dart slug launches a dart at you. The slug dart hits you!
* * * LOW HITPOINT WARNING * * *
The iguana bites you!
You die...

..........≈≈.≈≈...
..##.†...≈≈≈≈≈≈≈.## ..
..##...≈≈≈≈≈≈≈≈w≈≈###.#
#.##..≈≈≈≈≈≈≈≈≈≈≈≈≈#..#
#.##..≈≈≈≈≈≈≈≈≈≈≈≈≈...
#.##.≈≈≈≈≈≈≈#≈≈≈#≈≈≈#
#...≈≈#≈≈≈≈≈≈≈≈≈≈≈≈≈#
###.≈≈≈..≈≈..†≈≈.†≈≈# #..
#..≈#.....<...@%≈#.....
####≈≈≈.≈#≈.♣.≈.l†≈≈≈....
...†≈≈#≈.≈≈≈≈≈#≈≈†≈#≈...#
####.≈≈#≈≈≈≈≈≈≈≈≈≈≈≈..#.#
#..≈≈≈≈##≈≈≈≈≈≈≈..## #
#..≈≈#≈≈≈≈≈≈≈≈≈≈#.#
#...≈≈≈≈≈≈≈≈≈≈≈####
......≈≈≈≈≈≈≈.##
.....##≈≈.≈≈...


You could see an iguana and a dart slug.

Vanquished Creatures
  The ghost of Rrauwl the Ducker, an amateur TrFi (D:4)
  2 centaurs (D:5)
  3 hounds
  An orc wizard (D:4)
  Jessica (D:2)
  4 worker ants (D:4)
  6 adders
  4 oozes
  10 dart slugs
  2 leopard geckos
  2 orcs (D:4)
  3 giant cockroaches
  A goblin (D:1)
  4 hobgoblins
  4 jackals (D:2)
  11 kobolds
  2 ball pythons
  A ball python skeleton (D:4)
  2 bats
  6 frilled lizards
  9 rats
79 creatures vanquished.

Notes
Turn   | Place    | Note
-------+----------+-------------------------------------------
     0 | D:1      | Rrauwl the Minotaur Berserker began the quest for the Orb.
     0 | D:1      | Reached XP level 1. HP: 19/19 MP: 0/0
    92 | D:1      | HP: 1/20 [kobold/short sword (6)]
    96 | D:1      | Reached XP level 2. HP: 2/27 MP: 1/1
    97 | D:1      | HP: 1/27 [rat (1)]
   183 | D:1      | Reached skill level 4 in Long Blades
   774 | D:2      | Reached ** piety under Trog
   809 | D:2      | Reached XP level 3. HP: 33/33 MP: 2/2
   813 | D:2      | Found a snail-covered altar of Cheibriados.
   853 | D:2      | Noticed Jessica
   855 | D:2      | Killed Jessica
   908 | D:2      | Reached skill level 5 in Long Blades
   926 | D:2      | Reached XP level 4. HP: 40/40 MP: 3/3
  1101 | D:2      | Found a shadowy altar of Dithmenos.
  1944 | D:4      | Found a basalt altar of Yredelemnul.
  2007 | D:4      | Gained mutation: You are partially covered in thin metallic scales. (AC +2) [potion of mutation]
  2035 | D:4      | Reached XP level 5. HP: 35/47 MP: 4/4
  2060 | D:4      | Reached skill level 6 in Long Blades
  2092 | D:4      | Reached *** piety under Trog
  2377 | D:4      | Lost mutation: You are partially covered in thin metallic scales. (AC +2) [potion of cure mutation]
  2438 | D:4      | Reached XP level 6. HP: 46/53 MP: 5/5
  2458 | D:4      | Reached skill level 7 in Long Blades
  2507 | D:4      | Noticed Rrauwl's ghost (amateur TrFi)
  2529 | D:4      | Killed Rrauwl's ghost
  2529 | D:4      | Reached skill level 8 in Long Blades
  2833 | D:4      | Found a radiant altar of Vehumet.
  2933 | D:5      | Entered Level 5 of the Dungeon
  2972 | D:5      | Found a staircase to the Ecumenical Temple.
  2995 | D:5      | Reached XP level 7. HP: 45/60 MP: 6/6
  3071 | D:5      | Reached skill level 5 in Fighting
  3205 | D:5      | Reached skill level 1 in Stealth
  3208 | D:5      | Slain by an iguana

Skill      XL: |  1  2  3  4  5  6  7 |
---------------+----------------------+-----
Long Blades    | 4 5 6 8 |  8.9
Dodging        | 3 |  3.8
Fighting       | 4 5 |  5.0
Stealth        | 1 |  1.0
Armour         | |  2.8

Action                   |  1- 3 |  4- 6 |  7- 9 || total
-------------------------+-------+-------+-------++-------
Melee: Falchion          |    49 |   115 |    29 ||   193
       Headbutt          |    12 |    24 |     5 ||    41
Invok: Berserk           |       |     1 |       ||     1
       Burn Spellbooks   |       |     1 |       ||     1
Evoke: Wand              |       |     1 |       ||     1
  Use: Scroll            |     5 |     6 |       ||    11
       Potion            |     2 |     8 |       ||    10
 Stab: Sleeping          |       |     3 |     1 ||     4
  Eat: Chunk             |       |     7 |     1 ||     8
Armor: Animal skin       |     5 |    29 |     5 ||    39
Dodge: Dodged            |    34 |    71 |    21 ||   126
       Rpst.: Falchion   |    10 |    14 |     3 ||    27
